 Dungeon Crawl Stone Soup version 0.24-a0-524-gf43b32f898 (webtiles) character file.

Game seed: 6294588517349282517

76 Norm the Caller (level 4, -1/35 HPs)
             Began as a Barachi Summoner on July 31, 2019.
             Killed by divine providence
             ... invoked by an orc priest
              (12 damage)
             ... on level 3 of the Dungeon.
             The game lasted 00:10:39 (2403 turns).

Norm the Caller (Barachi Summoner)                  Turns: 2403, Time: 00:10:40

Health: -1/35      AC:  3    Str:  9    XL:     4   Next: 32%
Magic:  2/7        EV: 12    Int: 17    God:
Gold:   151        SH:  0    Dex: 12    Spells: 1/7 levels left

rFire    . . .     SeeInvis .   l - +0 whip (venom)
rCold    . . .     Gourm    .   (no shield)
rNeg     . . .     Faith    .   a - +0 robe
rPois    .         Spirit   .   n - +0 helmet
rElec    .         Reflect  .   (no cloak)
rCorr    .         Harm     .   (no gloves)
MR       .....                  (no boots)
Stlth    ++........             (no amulet)
HPRegen  0.11/turn              (no ring)
MPRegen  0.10/turn              (no ring)

@: slow
A: +LOS, swims, slowness 1, strong legs 1
a: Hop


You were on level 3 of the Dungeon.
You were not hungry.

You visited 1 branch of the dungeon, and saw 3 of its levels.

You collected 151 gold pieces.

Inventory:

Hand Weapons
 d - a +0 short sword
 j - a +0 hunting sling
 l - a +0 whip of venom (weapon)
Missiles
 g - 146 stones (quivered)
Armour
 a - a +0 robe (worn)
 n - a +0 helmet (worn)
Jewellery
 f - an uncursed ring of flight {unknown}
 q - an uncursed ring of stealth {unknown}
Scrolls
 e - a scroll of amnesia
 p - a scroll of remove curse
 r - 2 scrolls of identify
Potions
 b - a potion of agility {unknown}
 h - a potion of cancellation {unknown}
 i - a potion of degeneration {unknown}
 k - a potion of brilliance {unknown}
 m - a potion of curing {unknown}
Comestibles
 c - 5 rations


   Skills:
 + Level 3.1 Fighting
 - Level 2.1 Dodging
 - Level 1.7 Stealth
 - Level 2.2 Spellcasting
 + Level 5.9 Summonings


You had one spell level left.
You knew the following spells:

 Your Spells              Type           Power        Failure   Level  Hunger
a - Summon Small Mammal   Summ           ###.         1%          1    #......
b - Call Imp              Summ           ###.....     2%          2    ###....
c - Call Canine Familiar  Summ           ###.....     4%          3    ###....

Your spell library contained the following spells:

 Spells                   Type           Power        Failure   Level  Hunger
 Summon Guardian Golem    Hex/Summ       ##......     17%         3    ###....
 Summon Ice Beast         Ice/Summ       ##......     50%         4    #####..
 Summon Lightning Spire   Summ/Air       ##......     50%         4    #####..


Dungeon Overview and Level Annotations

Branches:
Dungeon (3/15)

Altars:
Ashenzari
Gozag


Innate Abilities, Weirdness & Mutations

Shadows flee at your approach. (+LOS)
You can swim through water.
You cover ground slowly.
You can hop short distances.


Message History

Your crimson imp closely misses the orc priest.
Your white imp closely misses the orc priest.
You swap places.
The orc priest barely misses you.
Your crimson imp closely misses the orc priest.
You see here 2 stones.
You closely miss the orc priest.
The orc priest is heavily wounded.
The orc priest hits you with a +0 mace.
Your crimson imp barely misses the orc priest.
You closely miss the orc priest.
The orc priest is heavily wounded.
Your crimson imp hits the orc priest.
The orc priest invokes the aid of Beogh against your crimson imp.
Your crimson imp is smitten.
You hit the orc priest.
The orc priest is poisoned.
The orc priest is severely wounded.
Your crimson imp blinks!
The orc priest calls down the wrath of Beogh upon you.
Beogh smites you!
You die...

######## #......#
#......#
###....÷.#
#.......(#
#####5.)..)..#
##....5..)....#
####..###§@5.....#
#!..>.###o########
##...(..(......#
...###(....###.#
.#.#####_#####.#
#.###.....###.#
#.............#
...####..#...###
..
.....#5##########


You could see an orc priest, a friendly crimson imp and 2 friendly white imps.

Vanquished Creatures
  An adder (D:3)
  3 leopard geckos
  5 bats
  2 goblins
  7 hobgoblins
  2 jackals (D:2)
  2 kobolds (D:1)
  8 rats
30 creatures vanquished.

Vanquished Creatures (collateral kills)
  2 adders (D:2)
  2 worms (D:2)
  2 orcs (D:3)
  2 bats
  5 goblins
  A hobgoblin (D:1)
  2 jackals (D:2)
  3 kobolds
  A quokka (D:3)
  2 frilled lizards
  2 rats (D:1)
24 creatures vanquished.

Grand Total: 54 creatures vanquished

Notes
Turn   | Place    | Note
-------+----------+-------------------------------------------
     0 | D:1      | Norm the Barachi Summoner began the quest for the Orb.
     0 | D:1      | Reached XP level 1. HP: 13/13 MP: 3/3
   173 | D:1      | Reached skill level 5 in Summonings
   244 | D:1      | Reached skill level 1 in Fighting
   308 | D:1      | Reached XP level 2. HP: 21/21 MP: 1/5
   760 | D:1      | Reached XP level 3. HP: 10/27 MP: 2/6
  1121 | D:1      | Learned a level 2 spell: Call Imp
  1125 | D:1      | Learned a level 3 spell: Call Canine Familiar
  1634 | D:2      | Found an opulent altar of Gozag.
  2178 | D:3      | Reached XP level 4. HP: 27/34 MP: 2/7
  2189 | D:3      | Found a shattered altar of Ashenzari.
  2403 | D:3      | Killed from afar by an orc priest

Levels and vault maps discovered:
D:1:      dpeg_arrival_concentric_ovals, layout_basic, minmay_hexomino_c4
D:2:      layout_basic, nicolae_gozag_seed_capital
D:3:      layout_rooms, cheibrodos_ashenzari_chains, portal_sewer_entry_e,
          chequers_serial_rivers_room_b, uniq_sigmund

Skill      XL: |  1  2  3  4 |
---------------+-------------+-----
Summonings     | 5 |  5.9
Fighting       | 1 2 3 |  3.1
Dodging        | |  2.1
Stealth        | |  1.7
Spellcasting   | |  2.2

Action                   |  1- 3 |  4- 6 || total
-------------------------+-------+-------++-------
Melee: Short sword       |   124 |     2 ||   126
       Unarmed           |     2 |       ||     2
       Whip              |       |    19 ||    19
 Cast: Summon Small Mamm |    17 |       ||    17
       Call Imp          |    14 |     5 ||    19
  Use: Scroll            |     1 |     3 ||     4
 Stab: Sleeping          |     3 |       ||     3
       Distracted        |     1 |       ||     1
  Eat: Chunk             |     5 |     2 ||     7
Armor: Robe              |    32 |    15 ||    47
Dodge: Dodged            |    90 |    32 ||   122

Table legend:
 A = Non-vault XP
 B = Vault XP
 C = Vault XP percentage of total XP
 D = Non-vault monster count
 E = Vault monster count
 F = Vault count percentage of total count
                 A         B        C        D         E       F
            +---------+---------+-------+---------+---------+-------
      Total |     100 |       9 |   8.3 |      48 |       6 |  11.1
            +---------+---------+-------+---------+---------+-------
        D:1 |      30 |       9 |  23.1 |      20 |       6 |  23.1
        D:2 |      42 |       0 |   0.0 |      18 |       0 |   0.0
        D:3 |      28 |       0 |   0.0 |      10 |       0 |   0.0
            +---------+---------+-------+---------+---------+-------
